Description

Winter ZvT

Replay - 2018-04-24 - (Z)MicroAngelo VS (T)IIIIIIIII

Build Order

Get SALT Encoding   

  12  0:01  Drone  
  13  0:13  Overlord  
  13  0:17  Drone  
  14  0:32  Drone x2  
  16  0:37  Drone  
  17  0:53  Hatchery  
  17  0:56  Drone x2  
  18  1:10  Extractor  
  17  1:14  Spawning Pool  
  17  1:17  Drone x2  
  18  1:30  Drone  
  19  1:39  Overlord  
  20  2:03  Queen x2  
  20  2:04  Zergling x4  
  26  2:09  Metabolic Boost  
  26  2:31  Hatchery  
  28  2:50  Queen  
  30  2:58  Overlord  
  34  3:16  Queen  
  39  3:33  Queen  
  41  3:35  Overlord  
  44  3:43  Queen  
  46  3:54  Overlord  
  46  4:00  Zergling x12  
  52  4:08  Queen, Baneling Nest  
  57  4:30  Zergling x2  
  58  4:47  Lair  
  58  4:51  Evolution Chamber x2, Queen  
  58  4:54  Baneling x2  
  68  5:21  Extractor x3, Spore Crawler  
  68  5:22  Zerg Melee Weapons Level 1  
  68  5:23  Zergling x2  
  74  5:53  Zerg Ground Armor Level 1  
  74  5:58  Baneling x2  
  80  6:07  Spore Crawler  
  83  6:13  Centrifical Hooks  
  83  6:29  Hydralisk Den, Hatchery  
  83  6:31  Baneling x2  
  89  6:48  Overseer  
  89  7:04  Muscular Augments  
  89  7:07  Hatchery, Infestation Pit  
  87  7:08  Extractor x2  
  87  7:10  Spine Crawler  
  91  7:35  Extractor  
  95  7:39  Spore Crawler  
  95  7:40  Extractor  
  95  7:41  Spine Crawler  
  87  7:48  Hive, Zerg Melee Weapons Level 2  
  87  7:53  Hydralisk x3  
  96  8:04  Zerg Ground Armor Level 2  
  97  8:07  Spore Crawler  
  97  8:10  Hydralisk x2  
  100  8:20  Hydralisk x5  
  122  8:42  Queen  
  122  8:46  Pneumatized Carapace  
  124  9:12  Viper x3  
  135  9:30  Adrenal Glands  
  135  9:31  Queen  
  139  9:46  Overseer x3  
  139  9:47  Hatchery  
  139  9:49  Baneling x4  
Spawning Tool Build Advisor. Get it on Overwolf

Go to:

Details

  • Created by: wapper
  • Published on: Feb 20, 2019
  • Modified on: Feb 20, 2019
  • Patch: 4.7.1
Show
View Real Time Build Order
Export as new Build Order

Comments (0)

There are no comments. Be the first!

Create an account to comment!